 Dungeon Crawl Stone Soup version 0.21-a0-633-g4c047d5 (webtiles) character file.

228 TheGoonsmith the Insei (level 6, -2/47 HPs)
             Began as a Gnoll Transmuter on Dec 28, 2017.
             Was an Initiate of Cheibriados.
             Slain by a hobgoblin
             ... wielding a +0 club
              (3 damage)
             ... on level 3 of the Dungeon.
             The game lasted 00:03:29 (2398 turns).

TheGoonsmith the Insei (Gnoll Transmuter)           Turns: 2398, Time: 00:03:30

Health: -2/47      AC:  4    Str: 14    XL:     6   Next: 2%
Magic:  13/13      EV: 15    Int: 16    God:    Cheibriados [......]
Gold:   109        SH:  0    Dex: 18    Spells: 12/15 levels left

rFire    . . .     SeeInvis .   g - +2 mace (drain)
rCold    . . .     Gourm    .   (no shield)
rNeg     . . .     Faith    .   b - +0 robe
rPois    .         Spirit   .   q - +0 helmet (curse)
rElec    .         Reflect  .   n - +0 cloak
rCorr    .         Harm     .   (no gloves)
MR       .....                  (no boots)
Stlth    ++........             (no amulet)
HPRegen  0.15/turn              (no ring)
MPRegen  0.13/turn              (no ring)

@: very slow
A: distributed training, fangs 1, strong nose
a: Bend Time, Renounce Religion


You were on level 3 of the Dungeon.
You worshipped Cheibriados.
Cheibriados was noncommittal.
You were not hungry.

You visited 1 branch of the dungeon, and saw 3 of its levels.

You collected 109 gold pieces.

Inventory:

Hand Weapons
 g - a +2 mace of draining (weapon)
Missiles
 a - 65 arrows
Armour
 b - a +0 robe (worn)
 n - a +0 cloak (worn)
 q - a cursed +0 helmet (worn)
Jewellery
 l - an uncursed ring of protection from cold {unknown}
Scrolls
 e - 2 scrolls of noise {unknown}
 f - a scroll of enchant weapon {unknown}
 j - a scroll of remove curse {unknown}
 k - a scroll of blinking {unknown}
 o - a scroll of fear {unknown}
 r - a scroll of immolation {unknown}
Potions
 h - a potion of berserk rage {unknown}
 i - a potion of mutation {unknown}
 m - a potion of heal wounds {unknown}
Books
 c - a book of Changes

   Spells                             Type                      Level
   a - Beastly Appendage              Transmutation                1
   b - Sticks to Snakes               Transmutation                2
   c - Spider Form                    Transmutation/Poison         3
   d - Ice Form                       Ice/Transmutation            4
   e - Blade Hands                    Transmutation                5
Comestibles
 d - 6 rations
 p - 4 chunks of flesh


   Skills:
 + Level 3.1 Fighting
 + Level 1.7 Short Blades
 + Level 1.7 Long Blades
 + Level 1.7 Axes
 + Level 1.7 Maces & Flails
 + Level 1.7 Polearms
 + Level 1.7 Staves
 + Level 1.7 Slings
 + Level 1.7 Bows
 + Level 1.7 Crossbows
 + Level 1.7 Throwing
 + Level 1.7 Armour
 + Level 4.9 Dodging
 + Level 1.7 Stealth
 + Level 1.7 Shields
 + Level 6.7 Unarmed Combat
 + Level 5.2 Spellcasting
 + Level 1.3 Conjurations
 + Level 1.3 Hexes
 + Level 1.3 Charms
 + Level 1.3 Summonings
 + Level 1.3 Necromancy
 + Level 1.3 Translocations
 + Level 4.0 Transmutations
 + Level 1.3 Fire Magic
 + Level 1.3 Ice Magic
 + Level 1.3 Air Magic
 + Level 1.3 Earth Magic
 + Level 1.3 Poison Magic
 + Level 1.9 Invocations
 + Level 1.7 Evocations


You had 12 spell levels left.
You knew the following spells:

 Your Spells              Type           Power        Failure   Level  Hunger
a - Beastly Appendage     Tmut           ###...       2%          1    None
b - Sticks to Snakes      Tmut           ###.....     4%          2    #......


Dungeon Overview and Level Annotations

Branches:
Dungeon (3/15)

Altars:
Cheibriados
Gozag
Kikubaaqudgha
Zin


Innate Abilities, Weirdness & Mutations

Your experience applies equally to all skills.
You have very sharp teeth.
Your uncanny sense of smell can sniff out nearby items.


Message History

You hit the orc but do no damage. You drain the orc!
You kill the orc!
Cheibriados appreciates the change of pace.
The quokka barely misses you.
You closely miss the quokka. The quokka misses you.
You closely miss the quokka. The quokka bites you.
* * * LOW HITPOINT WARNING * * *
The quokka barely misses you.
You hit the quokka. You punch the quokka, but do no damage.
The quokka is severely wounded.
The quokka bites you but does no damage.
Some of the chunks of flesh in your inventory have rotted away.
You hit the quokka.
You kill the quokka!
Cheibriados thoroughly appreciates the change of pace.
You barely miss the hobgoblin. The hobgoblin misses you. x2
You hit the hobgoblin.
The hobgoblin is severely wounded.
The hobgoblin hits you with a club.
You die...

#....<# #. ∆
#.....## #. #......#
#. #......# #.
#......###.
#####.##......
#.........###.
#######(.........##.
#.g@.............##.
#.#########.##...##.
#..# #.##....#. ∆
.o... #.#####.#.
........ #.# #.#.
≈≈........# #.# #...
≈..≈r......#
#.######..
≈≈..≈..≈≈...≈
#....†...>
≈≈..≈..≈..≈..≈
##########


You could see a hobgoblin.

Vanquished Creatures
  A centaur skeleton (D:3)
  An orc priest (D:3)
  9 gnolls
  An adder (D:2)
  An ooze (D:3)
  3 dart slugs
  2 leopard geckos (D:3)
  2 orcs (D:3)
  2 giant cockroaches (D:1)
  5 goblins
  3 hobgoblins
  7 jackals
  2 quokkas
  7 bats
  5 frilled lizards
  8 kobolds
  4 rats
63 creatures vanquished.

Notes
Turn   | Place    | Note
-------+----------+-------------------------------------------
     0 | D:1      | TheGoonsmith the Gnoll Transmuter began the quest for the Orb.
     0 | D:1      | Reached XP level 1. HP: 17/17 MP: 6/6
   134 | D:1      | Reached XP level 2. HP: 19/23 MP: 7/7
   349 | D:1      | Learned a level 2 spell: Sticks to Snakes
   760 | D:1      | Reached XP level 3. HP: 28/28 MP: 9/9
   858 | D:2      | Reached skill level 5 in Spellcasting
   891 | D:2      | Reached skill level 1 in Invocations
   897 | D:2      | Reached skill level 1 in Short Blades
   897 | D:2      | Reached skill level 1 in Long Blades
   897 | D:2      | Reached skill level 1 in Axes
   897 | D:2      | Reached skill level 1 in Maces & Flails
   897 | D:2      | Reached skill level 1 in Polearms
   897 | D:2      | Reached skill level 1 in Staves
   897 | D:2      | Reached skill level 1 in Slings
   897 | D:2      | Reached skill level 1 in Bows
   897 | D:2      | Reached skill level 1 in Crossbows
   897 | D:2      | Reached skill level 1 in Throwing
   897 | D:2      | Reached skill level 1 in Armour
   897 | D:2      | Reached skill level 1 in Stealth
   897 | D:2      | Reached skill level 1 in Shields
   897 | D:2      | Reached skill level 1 in Evocations
   897 | D:2      | Reached XP level 4. HP: 17/34 MP: 11/11
  1308 | D:2      | Found an ancient bone altar of Kikubaaqudgha.
  1376 | D:2      | Found a glowing silver altar of Zin.
  1444 | D:2      | Found an opulent altar of Gozag.
  1593 | D:2      | Reached skill level 1 in Conjurations
  1593 | D:2      | Reached skill level 1 in Hexes
  1593 | D:2      | Reached skill level 1 in Charms
  1593 | D:2      | Reached skill level 1 in Summonings
  1593 | D:2      | Reached skill level 1 in Necromancy
  1593 | D:2      | Reached skill level 1 in Translocations
  1593 | D:2      | Reached skill level 1 in Fire Magic
  1593 | D:2      | Reached skill level 1 in Ice Magic
  1593 | D:2      | Reached skill level 1 in Air Magic
  1593 | D:2      | Reached skill level 1 in Earth Magic
  1593 | D:2      | Reached skill level 1 in Poison Magic
  1597 | D:2      | Reached XP level 5. HP: 19/40 MP: 12/12
  2039 | D:2      | Found a snail-covered altar of Cheibriados.
  2168 | D:2      | Became a worshipper of Cheibriados the Contemplative
  2388 | D:3      | Reached XP level 6. HP: 6/47 MP: 13/13
  2389 | D:3      | HP: 2/47 [orc/flail (5)]
  2394 | D:3      | HP: 1/47 [quokka (2)]
  2398 | D:3      | Slain by a hobgoblin

Vault maps used:
D:1:      roderic_octagonal_star, minmay_misc_feat_doors, minivault_11
D:2:      nicolae_overflow_quartered_altars, corexii_shack, patterned_corridor
D:3:      cheibrodos_helix_gallery, first_ration, serial_bayou_pond_c,
          uniq_terence, uniq_grinder

Skill      XL: |  1  2  3  4  5 |
---------------+----------------+-----
Spellcasting   | 5 |  5.2
Invocations    | 1 |  1.9
Short Blades   | 1 |  1.7
Long Blades    | 1 |  1.7
Axes           | 1 |  1.7
Maces & Flails | 1 |  1.7
Polearms       | 1 |  1.7
Staves         | 1 |  1.7
Slings         | 1 |  1.7
Bows           | 1 |  1.7
Crossbows      | 1 |  1.7
Throwing       | 1 |  1.7
Armour         | 1 |  1.7
Stealth        | 1 |  1.7
Shields        | 1 |  1.7
Evocations     | 1 |  1.7
Conjurations   | 1 |  1.3
Hexes          | 1 |  1.3
Charms         | 1 |  1.3
Summonings     | 1 |  1.3
Necromancy     | 1 |  1.3
Translocations | 1 |  1.3
Fire Magic     | 1 |  1.3
Ice Magic      | 1 |  1.3
Air Magic      | 1 |  1.3
Earth Magic    | 1 |  1.3
Poison Magic   | 1 |  1.3
Fighting       | 3 |  3.1
Transmutations | 4 |  4.0
Dodging        | |  4.9
Unarmed Combat | |  6.7

Action                   |  1- 3 |  4- 6 || total
-------------------------+-------+-------++-------
Melee: Unarmed           |     7 |       ||     7
       Mace              |    47 |    85 ||   132
       Bite              |     4 |     8 ||    12
       Punch             |       |     3 ||     3
 Cast: Beastly Appendage |     1 |       ||     1
 Stab: Sleeping          |     2 |     6 ||     8
  Eat: Chunk             |       |     5 ||     5
Armor: Robe              |    14 |    14 ||    28
Dodge: Dodged            |    51 |    80 ||   131

Table legend:
 A = Spawn XP
 B = Non-spawn XP
 C = Spawn XP percentage of total XP
 D = Spawn monster count
 E = Non-spawn monster count
 F = Spawn count percentage of total count
 G = Total turns spent on level
                    A         B        C        D         E        F      G
               +---------+---------+-------+---------+---------+-------+---------
         Total |       0 |     326 |   0.0 |       0 |      63 |   0.0 |  2398
               +---------+---------+-------+---------+---------+-------+---------
           D:1 |       0 |      37 |   0.0 |       0 |      20 |   0.0 |   853
           D:2 |       0 |     144 |   0.0 |       0 |      28 |   0.0 |  1345
           D:3 |       0 |     145 |   0.0 |       0 |      15 |   0.0 |   200
               +---------+---------+-------+---------+---------+-------+---------
